 Dungeon Crawl Stone Soup version 0.31-a0-986-g5e6e4ef867 (webtiles) character file.

Game seed: 7714702837337618679

197 jestert79 the Ruffian (level 5, 0/49 HPs)
             Began as an Octopode Shapeshifter on Nov 17, 2023.
             Slain by a gnoll
             ... wielding a +0 flail
             ... led by a gnoll bouda
              (4 damage)
             ... on level 4 of the Dungeon.
             The game lasted 00:05:50 (2527 turns).

jestert79 the Ruffian (Octopode Shapeshifter)       Turns: 2527, Time: 00:05:51

Health: 0/49       AC: 22    Str: 14    XL:     5   Next: 75%
Magic:  5/6        EV:  2    Int: 12    God:
Gold:   186        SH:  0    Dex: 13    Spells: 3/6 levels left

rFire   . .          .
                       - Unarmed
rCold   . . .        (no shield)
rNeg    + . .        (helmet currently unavailable)
rPois   +            f - amulet of magic regeneration
rElec   .            g - ring of positive energy
rCorr   .            (no ring)
SInv    .            (no ring)
Will    .....        (no ring)
Stlth   ++           (no ring)
HPRegen 0.28/turn    (no ring)
MPRegen 0.50/turn    (no ring)
                     (no ring)

%: no passive effects
@: tree-form
A: stationary, stasis, torment immunity, boosted hp, almost no armour,
(amphibious), 8 rings, (camouflage 1), (gelatinous body 1), (nimble swimmer 1),
(tentacles)
a: no special abilities


You were on level 4 of the Dungeon.
You were a tree.
You visited 1 branch of the dungeon, and saw 4 of its levels.

You collected 186 gold pieces.

Inventory:

Hand Weapons
 b - a +0 sling
Missiles
 o - 3 curare-tipped darts (quivered)
Jewellery
 f - an amulet of magic regeneration (around neck)
 g - a ring of positive energy (left branch)
 k - a ring of ice
Talismans
 c - a flux talisman
 m - a beast talisman
Scrolls
 d - a scroll of fog
 h - a scroll of butterflies
 j - a scroll of poison {unknown}
 l - a scroll of revelation {unknown}
Potions
 a - a potion of lignification
 i - a potion of invisibility


   Skills:
 - Level 1.0 Fighting
 - Level 2.0 Dodging
 - Level 2.9 Stealth
 - Level 4.2 Unarmed Combat
 + Level 1.2 Spellcasting
 + Level 1.3 Fire Magic
 - Level 4.1 Shapeshifting


You had 3 spell levels left.
You knew the following spells:

 Your Spells              Type           Power      Damage    Failure   Level
a - Poisonous Vapours     Pois/Air       0%         N/A       41%         2
b - Foxfire               Conj/Fire      8%         2x1d4     22%         1

Your spell library contained the following spells:

 Spells                   Type           Power      Damage    Failure   Level
 Sting                    Tmut/Pois      0%         1d3       30%         1
 Olgreb's Toxic Radiance  Pois           0%         N/A       96%         4
 Plasma Beam              Fire/Air       1%         2x1d11    100%        6
 Starburst                Conj/Fire      1%         6d3       100%        6


Dungeon Overview and Level Annotations

Branches:
Dungeon (4/15)
 Temple: D:4-7

Altars:

Shops:
D:3 :

Annotations:
D:2 Robin


Innate Abilities, Weirdness & Mutations

You are a tree.
Your roots penetrate the ground, keeping you stationary.
You cannot be teleported.
You are immune to unholy pain and torment.
Your maximum health is greatly increased.
You cannot wear most types of armour.
((You are amphibious.))
You can wear up to eight rings at the same time.
((Your skin changes colour to match your surroundings (Stealth+).))
((Your rubbery body absorbs attacks. (AC +1, EV +1)))
((You are camouflaged when in or above water. (Stealth+)))
((You have tentacles for arms and can constrict up to eight enemies at once.))


Message History

As you read the scroll labelled TOFREA LOITHIS, it dissolves into smoke.
It was a scroll of fog.
You constrict the gnoll bouda.
The giant cockroach waves its antennae.
The gnoll bouda misses you. The orc completely misses you.
The hobgoblin hits you.
* * * LOW HITPOINT WARNING * * *
Unknown command.
Okay, then.
Your transformation has ended.
You turn into a tree.
Your roots penetrate the ground.
You lose your grip on the gnoll bouda.
The gnoll bouda barely misses you. The orc hits you but does no damage.
The hobgoblin hits you but does no damage.
Unknown command.
You smack the gnoll bouda!
The gnoll bouda is severely wounded.
The orc hits you but does no damage.
The gnoll bouda barks out a call to the hunt!
The gnolls pick up the pace!
The gnoll hits you but does no damage.
The hobgoblin hits you but does no damage.
Unknown command.
You smack the gnoll bouda!
You kill the gnoll bouda!
The hobgoblin hits you but does no damage.
The orc hits you but does no damage. The gnoll hits you but does no damage.
Your Spellcasting skill increases to level 1!
Your Fire Magic skill increases to level 1!
You barely miss the gnoll.
The gnoll hits you but does no damage. x2
You are too injured to fight recklessly!
You are too injured to fight recklessly!
You are too injured to fight recklessly!
You are too injured to fight recklessly!
As you read the scroll labelled NOQIGEZISS, it crumbles to dust.
It is a scroll of identify.
h - a scroll of butterflies The orc hits you but does no damage.
The gnoll hits you but does no damage. The hobgoblin barely misses you.
The gnoll hits you but does no damage. The gnoll hits you with a +0 flail.
You die...

#........#.
#....#......
#....#......
#.B........
#........#
#.$......#
#§§§g....#
#Bgog§.g.#
#§♣gg§g..#
######.og...
..... o...
... .( .


You could see 4 gnolls, an orc, a giant cockroach and a hobgoblin.

Vanquished Creatures
  A gnoll bouda (D:4)
  An orc wizard (D:4)
  A gnoll (D:1)
  5 adders
  A worm (D:2)
  A dart slug (D:1)
  2 orcs (D:4)
  10 ball pythons
  12 bats
  6 endoplasms
  A giant cockroach (D:2)
  4 goblins
  9 hobgoblins
  8 jackals
  2 quokkas (D:2)
  5 frilled lizards
  2 kobolds (D:1)
  7 rats
78 creatures vanquished.

Notes
Turn   | Place    | Note
-------+----------+-------------------------------------------
     0 | D:1      | jestert79 the Octopode Shapeshifter began the quest for the
                  | Orb.
     0 | D:1      | Reached XP level 1. HP: 13/13 MP: 1/1
    75 | D:1      | Reached XP level 2. HP: 11/18 MP: 2/2
   129 | D:1      | Reached XP level 3. HP: 8/23 MP: 3/3
   326 | D:1      | Found a faded altar of an unknown god.
   579 | D:1      | Reached skill level 1 in Stealth
   932 | D:2      | Reached XP level 4. HP: 25/28 MP: 4/4
  1057 | D:2      | Noticed Robin
  1219 | D:2      | Learned a level 2 spell: Poisonous Vapours
  1579 | D:3      | Noticed an ogre
  1868 | D:3      | Reached XP level 5. HP: 30/33 MP: 5/5
  1874 | D:3      | Learned a level 1 spell: Foxfire
  2007 | D:3      | Found Cargher's Book Boutique.
  2522 | D:4      | HP: 1/33 [hobgoblin (5)]
  2526 | D:4      | Reached skill level 1 in Spellcasting
  2526 | D:4      | Reached skill level 1 in Fire Magic
  2527 | D:4      | Slain by a gnoll

Illustrated notes

Levels and vault maps discovered:
D:1:      nzn_arrival_settlement, layout_basic,
          shapermc_ecumenical_altar_pompeii, st_stairs_5,
          kennysheep_decorative_pillar
D:2:      layout_rooms, minmay_misc_feat_x, st_stairs_2, grunt_ministairs_15,
          serial_park_tiny_2, hangedman_decor_peaks_small, uniq_robin
D:3:      layout_basic, serial_shops, shop
D:4:      layout_basic

Skill      XL: |  1  2  3  4  5 |
---------------+----------------+-----
Stealth        | 1 2 |  2.9
Unarmed Combat | 4 |  4.2
Shapeshifting  | 4 |  4.1
Spellcasting   | 1 |  1.2
Fire Magic     | 1 |  1.3
Fighting       | |  1.0
Dodging        | |  2.0

Action                     |  1- 3 |  4- 6 || total
---------------------------+-------+-------++-------
  Melee: Unarmed           |    65 |    84 ||   149
         Constrict         |    13 |    22 ||    35
         Tentacles         |    12 |     8 ||    20
         Punch             |     1 |     2 ||     3
  Throw: Dart              |       |     1 ||     1
    Use: Potion            |       |     3 ||     3
         Scroll            |       |     2 ||     2
   Stab: Sleeping          |     6 |     9 ||    15
 Armour: Skin              |    23 |    57 ||    80
  Dodge: Dodged            |    45 |    55 ||   100

Table legend: (Time is in decaauts)
 A = Elapsed time spent in this place.
 B = Non-inter-level travel time spent in this place.
 C = Inter-level travel time spent in this place.
 D = Time resting spent in this place.
 E = Time spent auto-exploring this place.
 F = Levels seen in this place.
 G = Mean time per level.
                   A        B        C        D        E       F      G
               +--------+--------+--------+--------+--------+-----+--------+
         Total |   2517 |   2332 |    185 |    178 |   1652 |   4 |  629.2 |
       Dungeon |   2517 |   2332 |    185 |    178 |   1652 |   4 |  629.2 |
               +--------+--------+--------+--------+--------+-----+--------+

Top non-repeatable levels by time:
     D:3: 867 daAuts
     D:1: 849 daAuts
     D:2: 770 daAuts
     D:4: 30 daAuts
